 Dungeon Crawl Stone Soup version 0.30-a0-1085-g990a428a5c (webtiles) character file.

Game seed: 16930920436912111678

67280 avis the Basher (level 15, -25/138 HPs)
             Began as a Naga Warper on Apr 15, 2023.
             Was an Initiate of Gozag.
             Annihilated by a spriggan defender
             ... wielding a +2 lajatang of speed
              (26 damage)
             ... on level 1 of the Depths on Apr 16, 2023.
             The game lasted 03:50:08 (25623 turns).

avis the Basher (Naga Warper)                      Turns: 25623, Time: 03:50:09

Health: -25/138    AC: 29    Str: 15    XL:     15   Next: 22%
Magic:  47/47      EV:  7    Int: 24    God:    Gozag
Gold:   3694       SH:  5    Dex: 10    Spells: 13/34 levels left

rFire   + + .      SeeInvis +    a - +9 lance "Wyrmbane" {slay drac, rPois rF+ rC+ AC+3}
rCold   + . .      Faith    .    t - +0 buckler
rNeg    + + .      Spirit   .    x - +0 swamp dragon scales
rPois   +          Reflect  .    (no helmet)
rElec   .          Rampage  .    G - +0 cloak
rCorr   .          Harm     + .  c - +2 pair of gloves "Beufan Unna" {rF+ rN++ MP+9 Stlth-}
Will    +....                    j - +4 barding "Ziacheru" {Drain Slay+4}
Stlth   ++                       l - amulet of Wept {Harm Regen+ Int+7 Dex-3}
HPRegen 1.23/turn                D - ring of magical power
MPRegen 0.30/turn                r - +4 ring of slaying

@: ice-armoured, gold aura, very slow
A: AC +5, large, see invisible, deformed body, poison resistance, slowness 2,
spit poison 1, naga tail 2
a: Spit Poison, Renounce Religion, Potion Petition, Call Merchant, Bribe Branch


You were on level 1 of the Depths.
You worshipped Gozag.
Gozag was most pleased with you.
You visited 4 branches of the dungeon, and saw 18 of its levels.
You also visited: Ossuary.

You collected 5241 gold pieces.
You spent 1351 gold pieces at shops.
You paid 196 gold pieces to Gozag.

Inventory:

Hand Weapons
 a - the +9 lance "Wyrmbane" (weapon) {slay drac, rPois rF+ rC+ AC+3}
   (You took it off Maggie on level 8 of the Dungeon)

   AC:        It affects your AC (+3).
   rF:        It protects you from fire.
   rC:        It protects you from cold.
   rPois:     It protects you from poison.
 M - a +2 battleaxe of freezing
Missiles
 d - 6 boomerangs of dispersal (quivered)
 h - 5 throwing nets
 I - 2 boomerangs
 J - 2 poisoned darts
Armour
 c - the +2 pair of gloves "Beufan Unna" (worn) {rF+ rN++ MP+9 Stlth-}
   (You found it on level 11 of the Dungeon)

   rF:        It protects you from fire.
   rN:        It greatly protects you from negative energy.
   MP:        It affects your magic capacity (+9).
   Stlth:     It makes you less stealthy.
 j - the +4 barding "Ziacheru" (worn) {Drain Slay+4}
   (You acquired it on level 8 of the Dungeon)

   Slay:      It affects your accuracy & damage with ranged weapons and melee
   (+4).
   Drain:     It drains your maximum health when unequipped.
 t - a +0 buckler (worn)
 x - +0 swamp dragon scales (worn)
 y - a +0 tower shield
 G - a +0 cloak (worn)
Jewellery
 b - a +6 ring of dexterity
 k - a ring of protection from cold
 l - the amulet of Wept (around neck) {Harm Regen+ Int+7 Dex-3}
   (You acquired it on level 8 of the Dungeon)

   [amulet of regeneration]

   Int:       It affects your intelligence (+7).
   Dex:       It affects your dexterity (-3).
   Regen:     It increases your rate of health regeneration.
   Harm:      It increases damage dealt and taken.
 m - a ring of resist corrosion
 r - a +4 ring of slaying (right hand)
 D - a ring of magical power (left hand)
 H - a ring of willpower
 R - a ring of protection from fire
Wands
 f - a wand of polymorph (9)
 C - a wand of flame (60)
 P - a wand of roots (12)
Scrolls
 n - 2 scrolls of silence
 o - 3 scrolls of vulnerability
 p - 5 scrolls of teleportation {unknown}
 u - 2 scrolls of fog
 v - 3 scrolls of blinking
 F - 2 scrolls of butterflies
 K - 2 scrolls of magic mapping
 V - 4 scrolls of poison {unknown}
Potions
 e - 5 potions of cancellation
 g - 4 potions of flight
 i - a potion of resistance
 q - 3 potions of magic
 s - 4 potions of lignification
 w - 2 potions of mutation
 z - a potion of brilliance
 A - 10 potions of ambrosia
 B - a potion of heal wounds
 E - 3 potions of curing
 L - a potion of haste
 O - 3 potions of berserk rage
 Q - 2 potions of invisibility
Miscellaneous
 T - a phial of floods


   Skills:
 - Level 10.0 Fighting
 - Level 12.0 Maces & Flails
 - Level 12.0 Polearms
 - Level 0.8 Throwing
 + Level 2.1 Armour
 + Level 4.8 Dodging
 - Level 10.0 Stealth
 + Level 5.9 Shields
 - Level 10.0 Spellcasting
 - Level 10.0 Translocations
 + Level 5.7 Ice Magic
 - Level 2.0 Air Magic


You had 13 spell levels left.
You knew the following spells:

 Your Spells              Type           Power      Damage    Failure   Level
b - Blink                 Tloc           100%       N/A       1%          2
e - Wereblood             Tmut           12%        N/A       19%         2
h - Vhi's Electric Charg  Tloc/Air       80%        N/A       3%          3
l - Teleport Other        Tloc           56%        N/A       1%          3
m - Manifold Assault      Tloc           56%        N/A       1%          4
o - Ozocubu's Armour      Ice            39%        N/A       3%          3
p - Passage of Golubria   Tloc           56%        N/A       1%          4

Your spell library contained the following spells:

 Spells                   Type           Power      Damage    Failure   Level
 Freeze                   Ice            100%       1d10      1%          1
 Lesser Beckoning         Tloc           100%       N/A       1%          2
 Frozen Ramparts          Ice            78%        1d12      3%          3
 Portal Projectile        Hex/Tloc       72%        N/A       4%          3
 Shock                    Conj/Air       64%        1d7       9%          1
 Summon Small Mammal      Summ           48%        N/A       12%         1
 Hailstorm                Conj/Ice       25%        3d7       12%         3
 Swiftness                Air            21%        N/A       16%         3
 Sublimation of Blood     Necr           12%        N/A       19%         2
 Call Canine Familiar     Summ           12%        N/A       36%         3
 Summon Guardian Golem    Hex/Summ       12%        N/A       36%         3
 Tukima's Dance           Hex            12%        N/A       36%         3
 Ice Form                 Ice/Tmut       25%        N/A       36%         4
 Airstrike                Air            10%        2d(2-18)  47%         4
 Metabolic Englaciation   Hex/Ice        12%        N/A       71%         5
 Anguish                  Hex/Necr       6%         N/A       77%         4
 Animate Armour           Summ/Erth      24%        N/A       77%         4
 Leda's Liquefaction      Hex/Erth       6%         N/A       77%         4
 Petrify                  Tmut/Erth      12%        N/A       77%         4
 Blade Hands              Tmut           6%         N/A       98%         5
 Yara's Violent Unravell  Hex/Tmut       6%         3d5       98%         5
 Iron Shot                Conj/Erth      6%         9d2       100%        6
 Statue Form              Tmut/Erth      8%         N/A       100%        6
 Enfeeble                 Hex            6%         N/A       100%        7
 Summon Hydra             Summ           6%         N/A       100%        7
 Simulacrum               Ice/Necr       Unusable   N/A       N/A         6

Dungeon Overview and Level Annotations

Branches:
Dungeon (15/15)            Temple (1/1) D:7            Lair (1/5) D:11
    Orc (0/2) D:10         Vaults (0/5) D:13         Depths (1/4) D:15
Ossuary (visited)

Altars:
Ashenzari
Cheibriados
Dithmenos
Elyvilon
Fedhas
Gozag
Hepliaklqana
Kikubaaqudgha
Makhleb
Nemelex Xobeh
Okawaru
Qazlal
Ru
Sif Muna
Trog
Uskayaw
Vehumet
Wu Jian
Xom
Yredelemnul
Zin
The Shining One

Shops:
D:2 *   D:5 [   D:10 ([!   D:12 =   D:14 (

Annotations:
D:9 3 runed translucent doors
D:14 1 runed translucent door, Ytheofip's ghost, journeyman FoFi
Lair:1 2 transporters, Pebb's ghost, novice DrCj


Innate Abilities, Weirdness & Mutations

Your serpentine skin is tough. (AC +5)
You have supernaturally acute eyesight. (SInv)
Armour fits poorly on your strangely shaped body.
Your system is resistant to poisons. (rPois)
You cover ground very slowly.
You can spit poison.
You can use your snake-like lower body to constrict enemies.


Message History

You completely miss the frost giant.
The frost giant is heavily wounded.
The spriggan defender hits you with a +2 lajatang of speed!
You puncture the frost giant!
The frost giant is severely wounded.
The spriggan defender hits you with a +2 lajatang of speed!!
The frost giant points at you and mumbles some strange words.
The bolt of cold misses you.
The spriggan defender barely misses you.
You hit the frost giant.
The frost giant is severely wounded.
The spriggan defender hits you but does no damage.
You puncture the frost giant!
The frost giant is almost dead.
The spriggan defender hits you with a +2 lajatang of speed!
* * * LOW HITPOINT WARNING * * *
The frost giant is distracted by your dazzling golden aura.
You puncture the frost giant!
The frost giant is no longer distracted by gold.
The frost giant is almost dead.
You block the spriggan defender's attack.
The spriggan defender hits you with a +2 lajatang of speed!
* * * LOW HITPOINT WARNING * * *
You impale the frost giant!!
You kill the frost giant!
The spriggan defender hits you with a +2 lajatang of speed.
* * * LOW HITPOINT WARNING * * *
You impale the spriggan defender!! Your grab misses the spriggan defender.
The spriggan defender is heavily wounded.
The spriggan defender hits you but does no damage.
You puncture the spriggan defender! Your grab misses the spriggan defender.
The spriggan defender is heavily wounded.
The spriggan defender hits you with a +2 lajatang of speed!
* * * LOW HITPOINT WARNING * * *
You feel much better.
The spriggan defender hits you with a +2 lajatang of speed!!
* * * LOW HITPOINT WARNING * * *
The spriggan defender hits you with a +2 lajatang of speed!!
You die...
Your body crumbles into a pile of gold.

#....## i.......#
#.#...## .......#
#......## C.....#
###.....## .....#
##.#...## ....#
##.##...## ...#
#######..###...###..#
........## ##...##..#
#.####### ##..@$..#
#.# ##.$i..# #.# ###
#### ####### #.#
##.###..#
..###.###..####
..............#
###.###..####.#
##.###<.## #.#
#.###..## #.#


You could see a spriggan defender.

Vanquished Creatures
  2 frost giants (Depths:1)
  A stone giant (Depths:1)
  3 ettins
  Harold (Lair:1)
  4 hydras
  3 vault guards (D:13)
  4 centaur warriors
  6 two-headed ogres
  A catoblepas (Lair:1)
  2 boulder beetles
  2 deep troll earth magi (D:15)
  A deep troll shaman (D:15)
  5 skeletal warriors (D:15)
  2 wizards
  2 deep trolls (D:15)
  An orange crystal statue (D:9)
  Pikel (D:6)
  5 ugly things
  2 orc knights
  2 orc sorcerers (D:15)
  4 necromancers
  4 deep elf pyromancers
  8 manticores
  6 cyclopes
  Joseph (D:10)
  2 rust devils
  A centaur zombie (D:15)
  A naga mage (D:15)
  3 gargoyles
  Maggie (D:8)
  2 kobold demonologists
  A rime drake (Lair:1)
  Psyche (D:12)
  2 efreet
  3 unseen horrors
  3 centaur skeletons (D:15)
  2 komodo dragons
  A queen bee (D:12)
  2 hornets
  3 trolls
  3 meliai (D:12)
  A tarantella (shapeshifter) (D:14)
  Grinder (D:3)
  2 centaur simulacra
  9 slime creatures
  3 wyverns (D:8)
  Sigmund (D:4)
  18 humans (D:13)
  A shadow (D:6)
  A basilisk (shapeshifter) (D:11)
  6 wraiths
  2 vampires
  A basilisk (D:11)
  35 yaks
  A fire bat (shapeshifter) (D:9)
  A steam dragon (D:8)
  An unseen horror simulacrum (D:10)
  Menkaure (D:4)
  5 vampire mosquitoes
  5 acid dragons
  Edmund (D:6)
  5 water moccasins
  2 ice beasts
  6 orc warriors
  7 black bears
  19 centaurs
  2 lemures (D:6)
  2 ogres
  7 kobold brigands
  15 bullfrogs
  2 gnoll sergeants (D:8)
  5 scorpions
  13 wights
  26 killer bees
  An electric eel (D:9)
  7 howler monkeys
  A jelly (D:8)
  2 orc priests
  A hound (D:6)
  A sleepcap (D:5)
  2 iguanas
  9 orc wizards
  2 mummies (Ossuary)
  10 gnolls
  9 adders
  2 shadow imps (D:9)
  A white imp (D:6)
  2 ufetubi
  2 worms (D:2)
  A dart slug (D:3)
  34 orcs
  3 bats
  7 endoplasms
  5 giant cockroaches
  4 gnoll zombies (Ossuary)
  5 goblins
  3 hobgoblins
  4 jackals
  44 kobolds
  2 quokkas
  10 ball pythons
  3 frilled lizards
  3 goblin zombies (Ossuary)
  7 hobgoblin zombies (Ossuary)
  6 kobold skeletons (D:9)
  12 kobold zombies (D:9)
  6 rats
522 creatures vanquished.

Vanquished Creatures (others)
  An ice dragon (D:15)
  A manticore (D:8)
  25 fungi
  53 plants
  2 withered plants (D:14)
82 creatures vanquished.

Grand Total: 604 creatures vanquished

Notes
Turn   | Place    | Note
-------+----------+-------------------------------------------
     0 | D:1      | avis the Naga Warper began the quest for the Orb.
     0 | D:1      | Reached XP level 1. HP: 19/19 MP: 3/3
   170 | D:1      | Reached XP level 2. HP: 9/28 MP: 5/5
   325 | D:1      | Reached skill level 1 in Stealth
   351 | D:1      | Reached XP level 3. HP: 21/34 MP: 6/6
  1148 | D:2      | Learned a level 2 spell: Blink
  1152 | D:2      | Learned a level 3 spell: Vhi's Electric Charge
  1489 | D:2      | Reached XP level 4. HP: 27/42 MP: 3/7
  1753 | D:2      | Found Roall's Assorted Antiques.
  1756 | D:2      | Bought a twisted mace for 152 gold pieces
  1756 | D:2      | Identified the +4 mace "Killer Klown's Peril" {spect,
                  | Dex+4} (You bought it in a shop on level 2 of the Dungeon)
  2020 | D:3      | Noticed an ogre
  2159 | D:3      | Reached skill level 1 in Air Magic
  2179 | D:3      | You fall into a shaft and drop 2 floors!
  2179 | D:5      | Entered Level 5 of the Dungeon
  2224 | D:5      | Reached XP level 5. HP: 27/49 MP: 1/8
  2588 | D:3      | Noticed Grinder
  2593 | D:3      | Paralysed by Grinder for 5 turns
  2599 | D:3      | Killed Grinder
  2600 | D:3      | Reached XP level 6. HP: 11/57 MP: 9/9
  2605 | D:3      | Learned a level 3 spell: Teleport Other
  2802 | D:3      | Found an ornate altar of the Wu Jian Council.
  2987 | D:3      | Noticed a water moccasin
  2996 | D:3      | Reached skill level 1 in Armour
  2996 | D:3      | Reached XP level 7. HP: 64/64 MP: 6/11
  3414 | D:2      | Bought a murky emerald potion for 17 gold pieces
  3414 | D:2      | Bought a scroll labelled ZACAUF UKOH for 19 gold pieces
  3485 | D:4      | Reached skill level 5 in Stealth
  3508 | D:4      | Noticed Sigmund
  3527 | D:4      | Killed Sigmund
  3528 | D:4      | Reached skill level 5 in Maces & Flails
  3625 | D:4      | Noticed Menkaure
  3643 | D:4      | Killed Menkaure
  3644 | D:4      | Reached skill level 1 in Shields
  3644 | D:4      | Reached XP level 8. HP: 49/72 MP: 8/12
  3785 | D:4      | Found a blossoming altar of Fedhas.
  3865 | D:4      | Found a glowing golden altar of the Shining One.
  4073 | D:4      | Found a stormy altar of Qazlal.
  4571 | D:5      | Reached skill level 5 in Fighting
  4670 | D:5      | Found Zuked's Armour Boutique.
  4720 | D:6      | Noticed a shadow
  4720 | D:6      | Found a sand-covered staircase.
  4722 | D:6      | Killed a shadow
  4733 | Ossuary  | Entered an ossuary
  4969 | D:6      | Learned a level 4 spell: Manifold Assault
  5067 | D:6      | Noticed Pikel
  5075 | D:6      | Noticed Edmund
  5251 | D:6      | Reached skill level 5 in Translocations
  5266 | D:6      | Killed Pikel
  5267 | D:6      | Reached XP level 9. HP: 52/81 MP: 5/13
  5275 | D:6      | Killed Edmund
  5628 | D:6      | Found an opulent altar of Gozag.
  5816 | D:6      | Noticed a cyclops
  5918 | D:6      | Killed a cyclops
  6353 | D:7      | Found a glowing silver altar of Zin.
  6586 | D:7      | Found a staircase to the Ecumenical Temple.
  6595 | Temple   | Entered the Ecumenical Temple
  6694 | D:7      | Reached skill level 10 in Maces & Flails
  6694 | D:7      | Reached XP level 10. HP: 76/88 MP: 16/16
  6782 | D:6      | Became a worshipper of Gozag Ym Sagoz the Greedy
  6870 | D:2      | Bought a glass ring for 95 gold pieces
  6870 | D:2      | Bought 3 scrolls labelled VEFFUEMMOI for 57 gold pieces
  7068 | D:7      | Noticed a two-headed ogre
  7075 | D:7      | Killed a two-headed ogre
  7428 | D:7      | Reached skill level 5 in Spellcasting
  7768 | D:7      | Upgraded the game from 0.30-a0-1075-gcd70e7a56d to
                  | 0.30-a0-1082-g70414cbcbb
  7831 | D:7      | Noticed a rust devil
  7831 | D:7      | Noticed a rust devil
  7834 | D:8      | Noticed a two-headed ogre
  7838 | D:8      | Noticed a manticore
  7842 | D:8      | Killed a two-headed ogre
  8096 | D:8      | Killed a manticore
  8570 | D:8      | Noticed a six-headed hydra
  9085 | D:8      | Killed a six-headed hydra
  9086 | D:8      | Reached XP level 11. HP: 81/94 MP: 2/19
  9175 | D:8      | Noticed a centaur warrior
  9495 | D:8      | Noticed Maggie
  9507 | D:8      | Killed Maggie
  9649 | D:8      | Reached skill level 1 in Polearms
  9894 | D:8      | Killed a centaur warrior
  9899 | D:8      | Noticed a manticore
  9905 | D:8      | Killed a manticore
 10316 | D:2      | Bought a glowing gold wand for 76 gold pieces
 10316 | D:2      | Bought a wand of flame (15) for 199 gold pieces
 10572 | D:8      | Noticed a manticore
 10586 | D:8      | Killed a manticore
 10996 | D:7      | Reached skill level 5 in Polearms
 11260 | D:8      | Acquired Great Wizards, Vol. VII
 11262 | D:8      | Acquired the +4 barding "Ziacheru" {Drain Slay+4}
 11269 | D:8      | Acquired the amulet of Wept {Harm Regen+ Int+7 Dex-3}
 11586 | D:9      | Found a runed translucent door.
 11840 | D:9      | Found an ancient bone altar of Kikubaaqudgha.
 12008 | D:9      | Found a runed translucent door.
 12047 | D:9      | Reached XP level 12. HP: 96/103 MP: 18/22
 12077 | D:9      | Found a runed translucent door.
 12088 | D:9      | Found a runed translucent door.
 12152 | D:9      | Found a shimmering blue altar of Sif Muna.
 12396 | D:9      | Found a burning altar of Makhleb.
 13400 | D:10     | Entered Level 10 of the Dungeon
 13500 | D:10     | Found a staircase to the Orcish Mines.
 13500 | D:10     | Found Jeffula's Armour Emporium.
 13500 | D:10     | Found Qareyf's Weapon Emporium.
 13734 | D:10     | Noticed Joseph
 13750 | D:10     | Killed Joseph
 13816 | D:10     | Reached skill level 10 in Polearms
 13892 | D:10     | Noticed a centaur warrior
 14006 | D:10     | Learned a level 4 spell: Passage of Golubria
 14009 | D:10     | Noticed a two-headed ogre
 14009 | D:10     | Noticed a two-headed ogre
 14011 | D:10     | Noticed a two-headed ogre
 14013 | D:10     | Killed a two-headed ogre
 14021 | D:10     | Killed a two-headed ogre
 14034 | D:10     | Killed a two-headed ogre
 14112 | D:10     | Found Qiypap's Distillery.
 14178 | D:10     | Bought a potion of degeneration for 12 gold pieces
 14178 | D:10     | Bought a potion of magic for 96 gold pieces
 14178 | D:10     | Bought a potion of heal wounds for 60 gold pieces
 14178 | D:10     | Bought a potion of invisibility for 96 gold pieces
 14178 | D:10     | Bought a potion of haste for 120 gold pieces
 14178 | D:10     | Bought a potion of cancellation for 96 gold pieces
 14335 | D:10     | Killed a centaur warrior
 14443 | D:10     | Noticed an ettin
 14443 | D:10     | Noticed a four-headed hydra
 14453 | D:10     | Killed a four-headed hydra
 14459 | D:10     | HP: 3/103 [ettin/+0 dire flail (13)]
 14462 | D:10     | Killed an ettin
 14472 | D:10     | Gained mutation: You can use your snake-like lower body to
                  | constrict enemies. [Naga growth]
 14472 | D:10     | Reached XP level 13. HP: 41/110 MP: 3/24
 14718 | D:10     | Found a shadowy altar of Dithmenos.
 14720 | D:10     | Found a hazy altar of Hepliaklqana.
 15040 | Temple   | Upgraded the game from 0.30-a0-1082-g70414cbcbb to
                  | 0.30-a0-1085-g990a428a5c
 15201 | D:11     | Identified the +2 pair of gloves "Beufan Unna" {rF+ rN++
                  | MP+9 Stlth-}
 15594 | D:11     | Found a staircase to the Lair.
 16818 | D:11     | Identified the +1 pair of boots "Duisi" {rF+ Str-4 Int+2
                  | Slay+4}
 16881 | D:12     | Noticed Psyche
 16887 | D:12     | Killed Psyche
 16906 | D:12     | Found Leorph's Jewellery Shoppe.
 19125 | D:13     | Learned a level 3 spell: Ozocubu's Armour
 19513 | D:13     | Reached skill level 10 in Spellcasting
 19526 | D:13     | Noticed a vault guard
 19540 | D:13     | Killed a vault guard
 19698 | D:13     | Noticed a vault guard
 19698 | D:13     | Noticed a vault guard
 19701 | D:13     | Reached XP level 14. HP: 124/124 MP: 28/28
 19880 | D:13     | Found a gate to the Vaults.
 19896 | D:13     | Learned a level 2 spell: Wereblood
 20250 | Lair:1   | Entered Level 1 of the Lair of Beasts
 20250 | Lair:1   | Noticed Harold
 20259 | Lair:1   | Killed Harold
 20904 | Lair:1   | Reached skill level 1 in Ice Magic
 20952 | Lair:1   | Reached skill level 10 in Translocations
 21305 | Lair:1   | Found a transporter.
 21337 | Lair:1   | Found a transporter.
 21338 | Lair:1   | Noticed Pebb's ghost (novice DrCj)
 21976 | D:14     | Found Cata's Antique Weapon Emporium.
 21987 | D:14     | Bought a bone shortbow for 256 gold pieces
 21987 | D:14     | Identified the +8 shortbow of the King {heavy, rPois} (You
                  | bought it in a shop on level 14 of the Dungeon)
 22469 | D:14     | Found a runed translucent door.
 22469 | D:14     | Noticed Ytheofip's ghost (journeyman FoFi)
 22825 | D:14     | Reached skill level 10 in Stealth
 23793 | D:15     | Entered Level 15 of the Dungeon
 24835 | D:15     | Reached skill level 5 in Shields
 24873 | D:15     | Found a staircase to the Depths.
 24927 | Depths:1 | Entered Level 1 of the Depths
 24980 | D:15     | Reached XP level 15. HP: 78/138 MP: 29/29
 25035 | D:15     | Reached skill level 5 in Ice Magic
 25055 | D:15     | Reached skill level 10 in Fighting
 25252 | Depths:1 | Found an ancient bone altar of Kikubaaqudgha.
 25253 | Depths:1 | Noticed a frost giant
 25271 | Depths:1 | Killed a frost giant
 25598 | Depths:1 | Noticed a frost giant
 25620 | Depths:1 | Killed a frost giant
 25622 | Depths:1 | HP: 6/138 [spriggan defender/+2 lajatang of speed (19)]
 25623 | Depths:1 | HP: 1/138 [spriggan defender/+2 lajatang of speed (30)]
 25623 | Depths:1 | Annihilated by a spriggan defender

Illustrated notes

Levels and vault maps discovered:
D:1:      roderic_crossed_star, layout_basic, serial_bayou_lagoon_a,
          chequers_garden, dreamdust_wishing_well, minmay_misc_feat_chi,
          minmay_three_crescents
D:2:      layout_loops_ring, serial_shops, nicolae_shop_behind_doors
D:3:      layout_loops_cross, pdpol_wu_jian_five_deadly_venoms, uniq_grinder
D:4:      layout_basic, fedhas_altar_1, kennysheep_mini,
          mainiacjoe_overflow_six_doors_small, uniq_menkaure, uniq_sigmund
D:5:      layout_rooms, serial_shops, nicolae_shop_advertising_works
          [nicolae_subvault_shop_adworks]
D:6:      minmay_clustersquares, layout_cave_pools, marbit_many_paths,
          nicolae_ossuary_entry_ruins, chequers_serial_rivers_micro_c,
          uniq_pikel, uniq_edmund
D:7:      cheibrodos_iron_armory, layout_loops_corners, lemuel_crystal_altar,
          minmay_temple_entry_statues_fountains
D:8:      nzn_winding_woodlands_medium [nzn_winding_woodlands_5x5_three,
          nzn_winding_woodlands_5x15_pockets, nzn_winding_woodlands_5x5_cross,
          nzn_winding_woodlands_hourglass,
          nzn_winding_woodlands_center_pierced_h,
          nzn_winding_woodlands_5x5_perimeter,
          nzn_winding_woodlands_5x5_checkerboard,
          nzn_winding_woodlands_5x15_lazy_stream,
          nzn_winding_woodlands_5x5_closed_star], layout_rooms, uniq_maggie
D:9:      wander_kiku_kobolds, layout_loops_ring,
          nicolae_overflow_hidden_temple, mainiacjoe_overflow_alcove_1,
          grunt_decor_cap, nrook_pool_corridor, minmay_statue_crystal_thing
D:10:     layout_small_grid, riverfiend_overflow_shadow_ancestor, orc_david_3,
          serial_shops, nicolae_shop_tiny_waterfront, nicolae_rejected_hall,
          uniq_joseph
D:11:     layout_grid_maze, due_lair_maze_entry_diamond, eino_tiny_chamber
D:12:     layout_roguey [special_room_bee], serial_shops, shop_fountains,
          hangedman_decor_diamond_cutter, grunt_ministairs_14, billiards_dpeg,
          uniq_psyche
D:13:     layout_rooms, grunt_vaults_entry_tiered
D:14:     layout_grid_maze, serial_shops, nicolae_stop_n_shop_1,
          chequers_serial_rivers_micro_b, gammafunk_ghost_grave
D:15:     grunt_enter_depths_magical_seal, layout_basic,
          minmay_misc_feat_four_crosses
Temple:   minmay_temple_bridge_abc
Lair:1:   layout_loops_ring, gammafunk_ghost_hive, nicolae_lair_grazing_beasts
          [nicolae_sub_lair_graze_edge, nicolae_sub_lair_graze_edge,
          nicolae_sub_lair_graze_edge, nicolae_sub_lair_graze_edge], uniq_harold
Depths:1: minmay_fractal_lines_corner, layout_basic, grunt_hell_entry_dis_mu,
          kiku_gazebo_pond_becter, nicolae_dithmenos_the_darkroom,
          nicolae_triple_integral

Skill      XL: |  1  2  3  4  5  6  7  8  9 10 11 12 13 14 15 |
---------------+----------------------------------------------+-----
Fighting       | 3 4 5 7 9 10 | 10.0
Stealth        | 2 5 7 10 | 10.0
Translocations | 4 5 7 9 10 | 10.0
Air Magic      | 2 |  2.0
Maces & Flails | 4 6 7 10 12 | 12.0
Spellcasting   | 3 4 5 7 10 | 10.0
Armour         | 1 2 |  2.1
Dodging        | 2 4 |  4.8
Shields        | 1 4 5 |  5.9
Polearms       | 8 12 | 12.0
Ice Magic      | 4 5 |  5.7
Throwing       | |  0.8

Action                     |  1- 3 |  4- 6 |  7- 9 | 10-12 | 13-15 || total
---------------------------+-------+-------+-------+-------+-------++-------
  Melee: Mace              |    10 |    30 |   141 |   126 |       ||   307
         Flail             |    34 |     3 |       |       |       ||    37
         Lance             |       |       |       |   436 |   802 ||  1238
         Constrict         |       |       |       |       |    76 ||    76
  Throw: Boomerang         |     1 |       |       |       |       ||     1
   Cast: Vhi's Electric Ch |       |     4 |    42 |    52 |    38 ||   136
         Blink             |       |       |     2 |     3 |       ||     5
         Manifold Assault  |       |       |       |    81 |   211 ||   292
         Ozocubu's Armour  |       |       |       |       |    14 ||    14
Ability: Spit Poison       |    25 |    23 |    41 |    35 |    28 ||   152
  Evoke: Wand              |       |       |       |     6 |     6 ||    12
         Phial of floods   |       |       |       |     1 |       ||     1
    Use: Scroll            |       |       |    10 |    14 |    10 ||    34
         Potion            |       |       |     1 |     8 |     3 ||    12
   Stab: Sleeping          |       |       |     2 |     1 |     1 ||     4
         Distracted        |       |       |     1 |     6 |     6 ||    13
 Armour: Leather armour    |     8 |     5 |    31 |    30 |       ||    74
         Swamp dragon scal |       |       |       |   166 |   223 ||   389
  Dodge: Dodged            |    14 |     9 |    37 |   107 |    75 ||   242
  Block: Buckler           |       |       |    16 |   120 |    51 ||   187
         Reflection        |       |       |       |     7 |       ||     7

Table legend: (Time is in decaauts)
 A = Elapsed time spent in this place.
 B = Non-inter-level travel time spent in this place.
 C = Inter-level travel time spent in this place.
 D = Time resting spent in this place.
 E = Time spent auto-exploring this place.
 F = Levels seen in this place.
 G = Mean time per level.
                   A        B        C        D        E       F      G
               +--------+--------+--------+--------+--------+-----+--------+
         Total |  31012 |  25153 |   5859 |   6741 |  11496 |  19 | 1632.2 |
       Dungeon |  28633 |  22885 |   5748 |   6451 |  10374 |  15 | 1908.9 |
        Temple |    191 |    152 |     39 |      0 |     57 |   1 |  191.0 |
          Lair |   1411 |   1340 |     71 |     12 |    978 |   1 | 1411.0 |
        Depths |    536 |    536 |      0 |    210 |     86 |   1 |  536.0 |
       Ossuary |    239 |    239 |      0 |     68 |      0 |   1 |  239.0 |
               +--------+--------+--------+--------+--------+-----+--------+

Top non-repeatable levels by time:
     D:7: 3487 daAuts
     D:9: 3182 daAuts
     D:8: 2843 daAuts
    D:11: 2383 daAuts
    D:14: 2088 daAuts
    D:10: 2025 daAuts
    D:12: 1607 daAuts
     D:2: 1592 daAuts
    D:13: 1524 daAuts
     D:6: 1501 daAuts
     D:3: 1466 daAuts
    D:15: 1436 daAuts
  Lair:1: 1411 daAuts
     D:1: 1405 daAuts
     D:4: 1223 daAuts
